 Dungeon Crawl Stone Soup version 0.29.0-15-g675c0067aa (webtiles) character file.

Game seed: 11994422919771448392

243386 qw the Severer (level 19, -9/121 HPs)
             Began as a Gargoyle Fighter on Sept 12, 2022.
             Was a High Priest of Okawaru.
             Killed from afar by Nikola (31 damage)
             ... with an arc of chain lightning
             ... on level 1 of the Vaults.
             The game lasted 00:15:07 (34804 turns).

qw the Severer (Gargoyle Fighter)                  Turns: 34804, Time: 00:15:08

Health: -9/121     AC: 56    Str: 33    XL:     19   Next: 87%
Magic:  23/26      EV: 16    Int: 11    God:    Okawaru [*****.]
Gold:   1007       SH: 24    Dex: 20    Spells: 18/18 levels left

rFire   . . .      SeeInvis +   x - +11 broad axe of Quantum Leap {protect, rN++ SInv}
rCold   + . .      Faith    .   G - +0 tower shield
rNeg    + + +      Spirit   .   C - +4 plate armour {Will+}
rPois   inf        Reflect  .   c - +2 helmet
rElec   +          Harm     .   m - -1 cloak "Ziwaaddi" {Str+7 Dex+5}
rCorr   .          Rampage  .   j - +1 pair of gloves
Will    +++..                   w - +3 pair of mountain boots {steadfast, rC+}
Stlth   ..........              (no amulet)
HPRegen 0.30/turn               A - ring of willpower
MPRegen 0.20/turn               y - +6 ring of dexterity

@: about to teleport, heroic, finesse-ful, under a protective aura, flying
A: sickness immunity, AC +14, big wings, negative energy resistance 1,
electricity resistance, torment resistance 1, petrification resistance
}: 1/15 runes: gossamer
a: Renounce Religion, Heroism, Finesse, Duel


You were on level 1 of the Vaults.
You worshipped Okawaru.
Okawaru was extremely pleased with you.
You visited 7 branches of the dungeon, and saw 31 of its levels.
You visited the Abyss 1 time.
You also visited: Gauntlet.

You collected 3421 gold pieces.
You spent 2414 gold pieces at shops.


Innate Abilities, Weirdness & Mutations

You are immune to sickness and miasma.
Your stone body is resilient. (AC +14)
You are immune to poison.
Your large and strong wings let you fly.
You resist negative energy. (rN+)
You are resistant to electric shocks. (rElec)
You are resistant to unholy torment.
You are immune to petrification.


   Skills:
 - Level 14.0(19.0) Fighting
 - Level 18.0(23.0) Axes
 - Level 7.8(12.8) Throwing
 + Level 13.9(18.9) Armour
 - Level 7.8(12.8) Dodging
 - Level 18.0(23.0) Shields
 - Level 10.0 Invocations


You had 18 spell levels left.
You didn't know any spells.
Your spell library was empty.

Inventory:

Hand Weapons
 r - a +2 vampiric broad axe
 x - the +11 broad axe of Quantum Leap (weapon) {protect, rN++ SInv}
   (You acquired it on level 3 of the Lair of Beasts)

   It grants its wielder temporary protection when it strikes (+7 to AC).
   rN:        It greatly protects you from negative energy.
   SInv:      It lets you see invisible.
Missiles
 k - 8 boomerangs
 F - a javelin (quivered)
Armour
 c - a +2 helmet (worn)
 j - a +1 pair of gloves (worn)
 m - the -1 cloak "Ziwaaddi" (worn) {Str+7 Dex+5}
   (You found it in a Gauntlet)

   Str:       It affects your strength (+7).
   Dex:       It affects your dexterity (+5).
 q - +0 acid dragon scales
 w - the +3 pair of mountain boots (worn) {steadfast, rC+}
   (You found it in a Gauntlet)

   It prevents involuntary movement, except for blinking, teleportation, or
   banishment.
   rC:        It protects you from cold.
 z - the +5 chain mail "Quikeg" {rF+ rC+ Dex+4}
   (You found it on level 3 of the Swamp)

   Dex:       It affects your dexterity (+4).
   rF:        It protects you from fire.
   rC:        It protects you from cold.
 C - a +4 plate armour of willpower (worn)
 G - a +0 tower shield (worn)
 I - a scarf of resistance
Jewellery
 i - a ring of ice
 s - a ring of see invisible
 y - a +6 ring of dexterity (right hand)
 A - a ring of willpower (left hand)
 B - a ring of resist corrosion
 D - a ring of fire
Scrolls
 h - 3 scrolls of blinking
 n - 6 scrolls of identify
 o - 9 scrolls of teleportation
 v - a scroll of brand weapon
 E - 2 scrolls of enchant weapon
Potions
 a - 6 potions of mutation
 b - a potion of cancellation
 d - 7 potions of might
 f - 4 potions of heal wounds
 g - 5 potions of curing
 l - 11 potions of lignification
 p - a potion of resistance
 t - 2 potions of attraction
 u - 2 potions of magic
 J - a potion of haste

Dungeon Overview and Level Annotations

Branches:
Dungeon (15/15)            Temple (1/1) D:5            Lair (5/5) D:8
  Swamp (3/4) Lair:2       Spider (4/4) Lair:2        Slime (0/5) Lair:5
    Orc (2/2) D:12            Elf (0/3) Orc:2        Vaults (1/5) D:13
 Depths (0/4) D:15        Gauntlet (visited)

Altars:
Ashenzari
Cheibriados
Dithmenos
Elyvilon
Fedhas
Gozag
Hepliaklqana
Kikubaaqudgha
Makhleb
Nemelex Xobeh
Okawaru
Qazlal
Ru
Sif Muna
Trog
Uskayaw
Vehumet
Wu Jian
Xom
Yredelemnul
Zin
The Shining One
Jiyva

Shops:
D:3 ?   D:15 [   Orc:2 *([:

Portals:
Trove: D:10 (give +4 shadow dragon scales)

Annotations:
D:4 Blork the orc
D:12 1 runed translucent door, Anyutwal's ghost, journeyman HOFi
Spider:4 2 transporters, Mawidig's ghost, adept MiBe
Vaults:1 Nikola


Message History

Nikola casts a spell.
Lightning arcs from Nikola's hands!
The bolt of lightning hits you! You resist.
A bolt of lightning appears from out of thin air!
The bolt of lightning hits Nikola!
You hear a shout! x2
You slash Nikola!
Nikola is heavily wounded.
You slice Nikola!!
Nikola is heavily wounded.
You block Nikola's attack.
You barely miss Nikola.
Nikola is heavily wounded.
You slash Nikola!
Nikola is heavily wounded.
You barely miss Nikola.
Nikola is heavily wounded.
You block Nikola's attack.
You slash Nikola!
Nikola is severely wounded.
You slash Nikola!
Nikola is severely wounded.
Nikola hits you but does no damage.
You hit Nikola.
Nikola is severely wounded.
You completely miss Nikola.
Nikola is severely wounded.
You slice Nikola!!
Nikola is almost dead.
Nikola mumbles some strange words.
Lightning arcs from Nikola's hands!
The bolt of lightning hits you!!! You resist.
A bolt of lightning appears from out of thin air!
The bolt of lightning hits Nikola!
You hear a shout!
34804 ||| READING 10 scrolls of teleportation.
As you read the scroll of teleportation, it crumbles to dust.
You feel strangely unstable.
Nikola gestures wildly while chanting.
Lightning arcs from Nikola's hands!
The bolt of lightning hits you!! You resist.
You die...

...#..........# #..
..#..........# #..
.'..........+ #..
#..........# #..
#..........# #..
#..........# #..
#..........########..
#......).............
#...@.)(.............
#####@########+##'###
..... #.......#
#......# #.......#
#......# #.......#
#......# #...8...#
#......# #..)....#
#..)...# #.......#
#.......#


You could see Nikola (strong).

Vanquished Creatures
  Bai Suzhen (Spider:4)
  Arachne (Spider:4)
  A sphinx (Vaults:1)
  Kirke (Swamp:1)
  3 tentacled starspawn
  Agnes (Spider:1)
  Roxanne (D:14)
  A fenstrider witch (Swamp:3)
  A vault warden (Vaults:1)
  4 emperor scorpions
  4 ghost moths
  3 fire giants
  Louise (Swamp:1)
  An angel (Abyss:2)
  4 ironbound preservers (Vaults:1)
  An ironbound thunderhulk (Vaults:1)
  A minotaur (Gauntlet)
  3 entropy weavers
  4 eleionomae
  4 spark wasps
  3 bunyips
  A yaktaur captain (Vaults:1)
  A great orb of eyes (Vaults:1)
  3 boulder beetles
  11 hydras
  An ice dragon (D:14)
  An ogre mage (D:15)
  2 catoblepae
  8 centaur warriors
  A death knight (D:15)
  A death scarab (Gauntlet)
  A jorogumo (Spider:3)
  An ironbound frostheart (Vaults:1)
  6 two-headed ogres
  A tengu warrior (D:14)
  14 alligators
  A deep elf knight (D:13)
  A fire crab (Lair:5)
  3 sun moths
  7 goliath frogs
  4 pharaoh ants
  4 skeletal warriors (D:13)
  3 orb spiders (Spider:4)
  8 steelbarb worms
  2 spriggan druids
  9 deep trolls (Vaults:1)
  A bog body (Swamp:2)
  An ironbound convoker (Vaults:1)
  2 wizards
  5 large abominations
  5 orc knights
  11 wolf spiders
  17 ugly things
  3 swamp dragons
  2 deep elf pyromancers (D:13)
  2 orc sorcerers (Orc:2)
  2 manticores
  2 will-o-the-wisps
  Maurice (Orc:1)
  9 black mambas
  7 cyclopes
  A moth of wrath (Spider:4)
  21 elephants
  A guardian serpent (Lair:5)
  An apocalypse crab (Abyss:2)
  5 torpor snails
  A gargoyle (D:10)
  12 komodo dragons
  16 cane toads
  An unseen horror (D:12)
  Maggie (D:8)
  An efreet (D:11)
  A minotaur zombie (Gauntlet)
  4 kobold demonologists
  15 rime drakes
  2 demonic crawlers (Spider:3)
  An ancient zyme (Abyss:2)
  2 tengu conjurers
  A queen bee (Gauntlet)
  9 tyrant leeches
  3 bloated husks
  Grinder (D:6)
  10 polar bears
  17 tarantellas
  7 trolls
  11 hornets
  4 raiju (Lair:5)
  12 slime creatures (D:14)
  10 blink frogs
  7 culicivoras
  4 centaur simulacra (Gauntlet)
  21 jumping spiders
  Sigmund (D:2)
  A spectral black mamba (Gauntlet)
  3 spriggans
  2 wraiths
  2 water elementals (D:12)
  53 yaks
  A basilisk (Lair:4)
  17 wyverns
  A ynoxinul (Abyss:2)
  A fire bat (Abyss:2)
  5 hogs (Swamp:1)
  5 vampire mosquitoes
  9 wargs
  5 acid dragons
  41 redbacks
  11 swamp worms
  13 hell hounds (Lair:5)
  34 water moccasins
  3 swamp drakes (Swamp:3)
  2 ice beasts
  29 orc warriors
  12 black bears
  A sky beast (D:8)
  21 wolves
  10 ogres
  12 starcursed masses
  23 centaurs
  3 kobold brigands (D:13)
  2 gnoll sergeants
  16 bullfrogs
  A necrophage (D:8)
  A scorpion (Lair:1)
  5 wights (D:7)
  A hornet simulacrum (Gauntlet)
  9 killer bees
  9 electric eels
  8 howler monkeys
  A vampire bat (D:12)
  3 hounds
  2 quasits
  A jelly (D:6)
  9 orc priests
  19 orc wizards
  4 iguanas
  4 small abominations (Abyss:2)
  13 gnolls
  A river rat (D:4)
  6 adders
  A shadow imp (D:8)
  2 white imps
  2 worms
  5 dart slugs
  56 orcs
  7 endoplasms
  6 giant cockroaches
  9 goblins
  6 hobgoblins
  5 quokkas
  4 ball pythons
  13 bats
  6 frilled lizards
  12 kobolds
  4 rats
  4 starspawn tentacles
990 creatures vanquished.

Vanquished Creatures (others)
  An eleionoma (Swamp:2)
  A centaur warrior (Orc:2)
  An orc warrior (Orc:2)
  A centaur (Orc:2)
  A bush (D:15)
  6 foxfires
  41 fungi
  138 plants
  4 starspawn tentacles (Abyss:2)
194 creatures vanquished.

Grand Total: 1184 creatures vanquished

Notes
Turn   | Place    | Note
-------+----------+-------------------------------------------
     0 | D:1      | qw the Gargoyle Fighter began the quest for the Orb.
     0 | D:1      | Reached XP level 1. HP: 14/14 MP: 1/1
     0 | D:1      | 0 ||| qw: Version: 0.1-a-119-g272c26d
     0 | D:1      | 0 ||| qw: Game counter: 10828
     0 | D:1      | 0 ||| qw: Always use a shield: true
     0 | D:1      | 0 ||| qw: God list: Okawaru
     0 | D:1      | 0 ||| qw: Allow faded altars: false
     0 | D:1      | 0 ||| qw: Do Orc after D:15 true
     0 | D:1      | 0 ||| qw: Do second Lair branch before Depths: true
     0 | D:1      | 0 ||| qw: Lair rune preference: random
     0 | D:1      | 0 ||| qw: Plans: Normal, Zot, God:TSO, Crypt, Tomb, Pan,
                  | Slime, Hells, Zig, Abyss, Orb
     0 | D:1      | 0 ||| PLANNING D:1-11
   278 | D:1      | Reached XP level 2. HP: 19/19 MP: 2/2
   541 | D:1      | 541 ||| Stepping ~*~*~tactically~*~*~ (stealth).
   542 | D:1      | 542 ||| Stepping ~*~*~tactically~*~*~ (stealth).
   682 | D:1      | 682 ||| DROPPING +0 club.
   845 | D:1      | Reached skill level 3 in Axes
  1273 | D:1      | 1273 ||| READING scroll labelled MUCSER EPNU.
  1274 | D:1      | 1274 ||| READING scroll labelled JEKUPSAIPNI.
  1275 | D:1      | 1275 ||| DRINKING 2 dark potions.
  1276 | D:1      | 1276 ||| DRINKING 3 blue potions.
  1330 | D:2      | 1330 ||| Stepping ~*~*~tactically~*~*~ (stealth).
  1331 | D:2      | 1331 ||| Stepping ~*~*~tactically~*~*~ (stealth).
  1340 | D:2      | Reached XP level 3. HP: 23/23 MP: 3/3
  1350 | D:2      | 1350 ||| Stepping ~*~*~tactically~*~*~ (stealth).
  1352 | D:2      | 1352 ||| Stepping ~*~*~tactically~*~*~ (hiding).
  1395 | D:2      | Noticed Sigmund
  1404 | D:2      | HP: 4/23 [Sigmund/+0 scythe (6)]
  1405 | D:2      | 1405 ||| DRINKING 2 potions of heal wounds.
  1410 | D:2      | Killed Sigmund
  1411 | D:2      | Reached XP level 4. HP: 27/28 MP: 4/4
  1411 | D:2      | Reached XP level 5. HP: 31/32 MP: 5/5
  1424 | D:2      | 1424 ||| Stepping ~*~*~tactically~*~*~ (stealth).
  1435 | D:2      | 1435 ||| Stepping ~*~*~tactically~*~*~ (hiding).
  1614 | D:2      | 1614 ||| Stepping ~*~*~tactically~*~*~ (stealth).
  1617 | D:2      | Identified the +6 trident "Civumnoac" {vorpal, rPois rN+
                  | Will- Str+5}
  1767 | D:2      | Found a faded altar of an unknown god.
  1872 | D:2      | 1872 ||| Stepping ~*~*~tactically~*~*~ (hiding).
  1877 | D:2      | Reached XP level 6. HP: 38/38 MP: 6/6
  1982 | D:2      | 1982 ||| READING scroll labelled BEN OTAMEAKHITZ.
  2083 | D:2      | 2083 ||| READING scroll labelled POTEAMU WOIRECI.
  2084 | D:2      | 2084 ||| DRINKING 2 puce potions.
  2189 | D:2      | 2189 ||| DROPPING potion of berserk rage.
  2291 | D:3      | Found Vypramm's Magic Scroll Emporium.
  2301 | D:3      | 2301 ||| BUYING scroll of enchant weapon (97 gold).
  2301 | D:3      | Bought a scroll of enchant weapon for 97 gold pieces
  2301 | D:3      | 2301 ||| SHOPLISTING scroll of enchant weapon (97 gold,
                  | have 71).
  2301 | D:3      | 2301 ||| BUYING scroll of identify (26 gold).
  2301 | D:3      | Bought a scroll of identify for 26 gold pieces
  2301 | D:3      | 2301 ||| BUYING scroll of teleportation (39 gold).
  2301 | D:3      | Bought a scroll of teleportation for 39 gold pieces
  2301 | D:3      | 2301 ||| READING 2 scrolls of enchant weapon.
  2301 | D:3      | 2301 ||| ENCHANTING +0 war axe.
  2302 | D:3      | 2302 ||| READING scroll of enchant weapon.
  2302 | D:3      | 2302 ||| ENCHANTING +1 war axe.
  2356 | D:3      | Found a stormy altar of Qazlal.
  2383 | D:3      | 2383 ||| Stepping ~*~*~tactically~*~*~ (stealth).
  2384 | D:3      | 2384 ||| Stepping ~*~*~tactically~*~*~ (stealth).
  2853 | D:3      | 2853 ||| UPGRADING to +0 cloak.
  2858 | D:3      | 2858 ||| UPGRADING to ring of resist corrosion.
  2859 | D:3      | 2859 ||| READING scroll labelled PAGA PALARIRU.
  2860 | D:3      | 2860 ||| READING scroll labelled ROEREU XERHY.
  2919 | D:3      | 2919 ||| READING 2 scrolls of identify.
  2919 | D:3      | 2919 ||| IDENTIFYING ruby potion
  2943 | D:4      | 2943 ||| PLANNING SEWER
  2961 | D:4      | Reached skill level 1 in Dodging
  2970 | D:4      | 2970 ||| FLEEEEING.
  2971 | D:4      | 2971 ||| FLEEEEING.
  2972 | D:4      | 2972 ||| STAIRDANCE
  3375 | D:4      | Found a hide-covered altar of Uskayaw.
  3533 | D:4      | 3533 ||| RIP SEWER
  3585 | D:4      | 3585 ||| PLANNING D:1-11
  3608 | D:4      | Noticed Blork the orc
  3616 | D:4      | Found a shimmering blue altar of Sif Muna.
  3785 | D:5      | Entered Level 5 of the Dungeon
  3791 | D:5      | 3791 ||| STAIRDANCE
  3861 | D:5      | Noticed a water moccasin
  3870 | D:5      | Killed a water moccasin
  3871 | D:5      | Reached skill level 6 in Axes
  3871 | D:5      | Reached XP level 7. HP: 33/43 MP: 7/7
  4037 | D:5      | Found a staircase to the Ecumenical Temple.
  4038 | D:5      | 4038 ||| PLANNING TEMPLE
  4038 | D:5      | 4038 ||| READING scroll labelled COJAMN NOYCK.
  4045 | Temple   | Entered the Ecumenical Temple
  4088 | Temple   | 4088 ||| PLANNING D:1-11
  4239 | D:5      | 4239 ||| Stepping ~*~*~tactically~*~*~ (hiding).
  4242 | D:5      | 4242 ||| Stepping ~*~*~tactically~*~*~ (hiding).
  4243 | D:5      | 4243 ||| Stepping ~*~*~tactically~*~*~ (hiding).
  4455 | D:5      | Identified the ring "Xasovveps" {Wiz rF- Int+6}
  4460 | D:5      | Found a shimmering altar of Xom.
  4792 | D:5      | Found a blossoming altar of Fedhas.
  4810 | D:5      | 4810 ||| DROPPING ring "Xasovveps" {Wiz rF- Int+6}.
  4811 | D:5      | 4811 ||| READING scroll labelled VEEVUCL SUUB.
  4861 | D:6      | Reached XP level 8. HP: 48/49 MP: 8/8
  5142 | D:6      | 5142 ||| Stepping ~*~*~tactically~*~*~ (stealth).
  5143 | D:6      | 5143 ||| Stepping ~*~*~tactically~*~*~ (stealth).
  5158 | D:6      | Noticed Grinder
  5159 | D:6      | 5159 ||| Stepping ~*~*~tactically~*~*~ (stealth).
  5164 | D:6      | Paralysed by Grinder for 3 turns
  5170 | D:6      | Killed Grinder
  5176 | D:6      | 5176 ||| FLEEEEING.
  5177 | D:6      | 5177 ||| FLEEEEING.
  5181 | D:6      | 5181 ||| FLEEEEING.
  5182 | D:6      | 5182 ||| FLEEEEING.
  5183 | D:6      | 5183 ||| FLEEEEING.
  5184 | D:6      | 5184 ||| FLEEEEING.
  5185 | D:6      | 5185 ||| FLEEEEING.
  5186 | D:6      | 5186 ||| FLEEEEING.
  5187 | D:6      | 5187 ||| FLEEEEING.
  5188 | D:6      | 5188 ||| FLEEEEING.
  5189 | D:6      | 5189 ||| FLEEEEING.
  5190 | D:6      | 5190 ||| FLEEEEING.
  5191 | D:6      | 5191 ||| FLEEEEING.
  5192 | D:6      | 5192 ||| FLEEEEING.
  5193 | D:6      | 5193 ||| FLEEEEING.
  5194 | D:6      | 5194 ||| FLEEEEING.
  5195 | D:6      | 5195 ||| FLEEEEING.
  5196 | D:6      | 5196 ||| FLEEEEING.
  5197 | D:6      | 5197 ||| FLEEEEING.
  5198 | D:6      | 5198 ||| FLEEEEING.
  5202 | D:6      | 5202 ||| FLEEEEING.
  5203 | D:6      | 5203 ||| FLEEEEING.
  5204 | D:6      | 5204 ||| FLEEEEING.
  5205 | D:6      | 5205 ||| FLEEEEING.
  5209 | D:6      | 5209 ||| FLEEEEING.
  5210 | D:6      | 5210 ||| FLEEEEING.
  5211 | D:6      | 5211 ||| FLEEEEING.
  5212 | D:6      | 5212 ||| FLEEEEING.
  5213 | D:6      | 5213 ||| FLEEEEING.
  5214 | D:6      | 5214 ||| FLEEEEING.
  5215 | D:6      | 5215 ||| FLEEEEING.
  5216 | D:6      | 5216 ||| FLEEEEING.
  5221 | D:6      | 5221 ||| FLEEEEING.
  5222 | D:6      | 5222 ||| FLEEEEING.
  5226 | D:6      | 5226 ||| STAIRDANCE
  5273 | D:5      | 5273 ||| READING 2 scrolls of identify.
  5273 | D:5      | 5273 ||| IDENTIFYING clear potion
  5274 | D:5      | 5274 ||| DROPPING potion of ambrosia.
  5561 | D:6      | 5561 ||| Stepping ~*~*~tactically~*~*~ (stealth).
  5566 | D:6      | 5566 ||| DROPPING +0 whip.
  5573 | D:6      | 5573 ||| Stepping ~*~*~tactically~*~*~ (water).
  5730 | D:6      | Reached skill level 6 in Fighting
  6034 | D:6      | Found an ornate altar of the Wu Jian Council.
  6118 | D:6      | Reached skill level 9 in Axes
  6534 | D:6      | 6534 ||| UPGRADING to +0 chain mail.
  6544 | D:6      | 6544 ||| DROPPING +0 scale mail.
  6545 | D:6      | 6545 ||| DROPPING ring of wizardry.
  6546 | D:6      | 6546 ||| READING 3 scrolls of identify.
  6546 | D:6      | 6546 ||| IDENTIFYING inky potion
  6547 | D:6      | 6547 ||| READING 2 scrolls of identify.
  6547 | D:6      | 6547 ||| IDENTIFYING fizzy inky potion
  6548 | D:6      | 6548 ||| DROPPING potion of brilliance.
  6549 | D:6      | 6549 ||| DROPPING potion of degeneration.
  6594 | D:7      | Identified the +8 spear "Beetleslayer" {freeze, rPois rF-
                  | Dex+8}
  6603 | D:7      | You fall into a shaft and drop 2 floors!
  6636 | D:9      | 6636 ||| UPGRADING to +0 plate armour.
  6646 | D:9      | 6646 ||| DROPPING +0 chain mail.
  6647 | D:9      | 6647 ||| READING 2 scrolls of identify.
  6647 | D:9      | 6647 ||| IDENTIFYING glowing ruby potion
  6689 | D:8      | Reached XP level 9. HP: 49/55 MP: 9/9
  6759 | D:8      | Found a staircase to the Lair.
  6787 | D:7      | 6787 ||| Stepping ~*~*~tactically~*~*~ (hiding).
  6789 | D:7      | 6789 ||| Stepping ~*~*~tactically~*~*~ (hiding).
  6864 | D:7      | 6864 ||| Stepping ~*~*~tactically~*~*~ (stealth).
  7227 | D:7      | 7227 ||| SWAPPING to +3 war axe of freezing.
  7228 | D:7      | 7228 ||| DROPPING +2 war axe.
  7296 | D:7      | 7296 ||| Stepping ~*~*~tactically~*~*~ (stealth).
  7538 | D:7      | Found a glowing silver altar of Zin.
  7701 | D:7      | 7701 ||| UPGRADING to +0 pair of gloves.
  7706 | D:7      | 7706 ||| UPGRADING to +2 buckler of protection.
  7716 | D:7      | 7716 ||| DROPPING +0 buckler.
  7717 | D:7      | 7717 ||| READING scroll labelled ZIDEUSI DOCZE.
  7718 | D:7      | 7718 ||| READING scroll labelled DUSTEO CIBIWK.
  7733 | D:8      | Noticed a komodo dragon
  7761 | D:8      | Killed a komodo dragon
  7762 | D:8      | Reached skill level 6 in Armour
  7984 | D:8      | Noticed Maggie
  7986 | D:8      | 7986 ||| Stepping ~*~*~tactically~*~*~ (hiding).
  7998 | D:8      | Killed Maggie
  8012 | D:8      | 8012 ||| FLEEEEING.
  8013 | D:8      | 8013 ||| FLEEEEING.
  8014 | D:8      | 8014 ||| FLEEEEING.
  8015 | D:8      | 8015 ||| FLEEEEING.
  8016 | D:8      | 8016 ||| FLEEEEING.
  8017 | D:8      | 8017 ||| STAIRDANCE
  8077 | D:8      | 8077 ||| DROPPING +0 flail.
  8407 | D:8      | Reached XP level 10. HP: 63/63 MP: 10/10
  8458 | D:8      | 8458 ||| Stepping ~*~*~tactically~*~*~ (stealth).
  8459 | D:8      | 8459 ||| Stepping ~*~*~tactically~*~*~ (stealth).
  8586 | D:8      | 8586 ||| Stepping ~*~*~tactically~*~*~ (stealth).
  8825 | D:8      | Found a faded altar of an unknown god.
  8826 | D:8      | Found a faded altar of an unknown god.
  8835 | D:8      | Found a hazy altar of Hepliaklqana.
  8932 | D:8      | Found a radiant altar of Vehumet.
  9206 | D:8      | 9206 ||| READING 2 scrolls of identify.
  9206 | D:8      | 9206 ||| IDENTIFYING pink potion
  9207 | D:8      | 9207 ||| DROPPING potion of flight.
  9217 | D:9      | 9217 ||| DRINKING potion of curing.
  9217 | D:9      | 9217 ||| (to cure confusion)
  9406 | D:9      | Found a sacrificial altar of Ru.
  9421 | D:9      | 9421 ||| READING scroll of enchant weapon.
  9421 | D:9      | 9421 ||| ENCHANTING +3 war axe of freezing.
  9432 | D:9      | 9432 ||| Stepping ~*~*~tactically~*~*~ (stealth).
  9519 | D:9      | 9519 ||| Stepping ~*~*~tactically~*~*~ (stealth).
  9532 | D:9      | 9532 ||| Stepping ~*~*~tactically~*~*~ (stealth).
  9537 | D:9      | 9537 ||| Stepping ~*~*~tactically~*~*~ (hiding).
  9538 | D:9      | 9538 ||| Stepping ~*~*~tactically~*~*~ (hiding).
  9539 | D:9      | 9539 ||| Stepping ~*~*~tactically~*~*~ (hiding).
  9546 | D:9      | 9546 ||| Stepping ~*~*~tactically~*~*~ (stealth).
  9680 | D:9      | Noticed a two-headed ogre
  9691 | D:9      | Killed a two-headed ogre
  9692 | D:9      | Reached skill level 9 in Fighting
  9766 | D:9      | 9766 ||| Stepping ~*~*~tactically~*~*~ (stealth).
  9769 | D:9      | 9769 ||| Stepping ~*~*~tactically~*~*~ (stealth).
  9770 | D:9      | 9770 ||| Stepping ~*~*~tactically~*~*~ (stealth).
  9781 | D:9      | 9781 ||| FLEEEEING.
  9782 | D:9      | 9782 ||| FLEEEEING.
  9783 | D:9      | 9783 ||| FLEEEEING.
  9784 | D:9      | 9784 ||| FLEEEEING.
  9785 | D:9      | 9785 ||| FLEEEEING.
  9786 | D:9      | 9786 ||| FLEEEEING.
  9787 | D:9      | 9787 ||| FLEEEEING.
  9788 | D:9      | 9788 ||| FLEEEEING.
  9790 | D:9      | 9790 ||| FLEEEEING.
  9791 | D:9      | 9791 ||| FLEEEEING.
  9792 | D:9      | 9792 ||| FLEEEEING.
  9793 | D:9      | 9793 ||| FLEEEEING.
  9794 | D:9      | 9794 ||| FLEEEEING.
  9795 | D:9      | 9795 ||| FLEEEEING.
  9796 | D:9      | 9796 ||| FLEEEEING.
  9797 | D:9      | 9797 ||| FLEEEEING.
  9798 | D:9      | 9798 ||| STAIRDANCE
  9863 | D:9      | 9863 ||| STAIRDANCE
  9904 | D:9      | 9904 ||| Stepping ~*~*~tactically~*~*~ (hiding).
  9905 | D:9      | 9905 ||| Stepping ~*~*~tactically~*~*~ (hiding).
  9906 | D:9      | 9906 ||| Stepping ~*~*~tactically~*~*~ (hiding).
 10076 | D:9      | 10076 ||| Stepping ~*~*~tactically~*~*~ (hiding).
 10221 | D:9      | 10221 ||| Stepping ~*~*~tactically~*~*~ (stealth).
 10240 | D:9      | Found an iron altar of Okawaru.
 10246 | D:9      | Found a shadowy altar of Dithmenos.
 10247 | D:9      | Found a basalt altar of Yredelemnul.
 10247 | D:9      | Found a white marble altar of Elyvilon.
 10323 | D:9      | Became a worshipper of Warmaster Okawaru
 10358 | D:10     | Entered Level 10 of the Dungeon
 10360 | D:10     | 10360 ||| STAIRDANCE
 10383 | D:10     | 10383 ||| STAIRDANCE
 10446 | D:10     | Found a portal to a secret trove of treasure.
 10512 | D:10     | Reached XP level 11. HP: 63/71 MP: 11/11
 10663 | D:10     | Reached skill level 1 in Throwing
 10781 | D:10     | Found a glowing golden altar of the Shining One.
 10934 | D:10     | 10934 ||| Stepping ~*~*~tactically~*~*~ (hiding).
 10956 | D:10     | Reached * piety under Okawaru
 10957 | D:10     | 10957 ||| INVOKING Heroism.
 11185 | D:10     | 11185 ||| Stepping ~*~*~tactically~*~*~ (hiding).
 11427 | D:10     | 11427 ||| PLANNING LAIR
 11427 | D:10     | 11427 ||| UPGRADING to +0 pair of boots.
 11484 | Lair:1   | Entered Level 1 of the Lair of Beasts
 11559 | Lair:1   | Reached skill level 1 in Invocations
 11565 | Lair:1   | Reached skill level 12 in Axes
 11565 | Lair:1   | 11565 ||| Stepping ~*~*~tactically~*~*~ (stealth).
 11573 | Lair:1   | 11573 ||| Stepping ~*~*~tactically~*~*~ (stealth).
 11577 | Lair:1   | 11577 ||| INVOKING Heroism.
 11634 | Lair:1   | 11634 ||| INVOKING Heroism.
 11692 | Lair:1   | Reached skill level 3 in Invocations
 11707 | Lair:1   | 11707 ||| INVOKING Heroism.
 11715 | Lair:1   | Reached ** piety under Okawaru
 11794 | Lair:1   | Reached skill level 9 in Armour
 11864 | Lair:1   | 11864 ||| INVOKING Heroism.
 11930 | Lair:1   | 11930 ||| INVOKING Heroism.
 11949 | Lair:1   | 11949 ||| INVOKING Heroism.
 11962 | Lair:1   | Reached skill level 6 in Shields
 12024 | Lair:1   | 12024 ||| Stepping ~*~*~tactically~*~*~ (stealth).
 12025 | Lair:1   | 12025 ||| Stepping ~*~*~tactically~*~*~ (stealth).
 12026 | Lair:1   | 12026 ||| INVOKING Heroism.
 12035 | Lair:1   | Reached *** piety under Okawaru
 12309 | Lair:1   | 12309 ||| UPGRADING to +0 helmet.
 12314 | Lair:1   | 12314 ||| READING 2 scrolls of identify.
 12314 | Lair:1   | 12314 ||| IDENTIFYING purple potion
 12362 | Lair:2   | 12362 ||| Stepping ~*~*~tactically~*~*~ (stealth).
 12363 | Lair:2   | 12363 ||| Stepping ~*~*~tactically~*~*~ (stealth).
 12385 | Lair:2   | 12385 ||| Stepping ~*~*~tactically~*~*~ (stealth).
 12401 | Lair:2   | 12401 ||| INVOKING Heroism.
 12417 | Lair:2   | 12417 ||| Stepping ~*~*~tactically~*~*~ (stealth).
 12418 | Lair:2   | 12418 ||| Stepping ~*~*~tactically~*~*~ (stealth).
 12419 | Lair:2   | 12419 ||| Stepping ~*~*~tactically~*~*~ (stealth).
 12420 | Lair:2   | 12420 ||| Stepping ~*~*~tactically~*~*~ (stealth).
 12429 | Lair:2   | Found a staircase to the Swamp.
 12432 | Lair:2   | 12432 ||| INVOKING Heroism.
 12435 | Lair:2   | 12435 ||| Stepping ~*~*~tactically~*~*~ (stealth).
 12437 | Lair:2   | Reached XP level 12. HP: 77/77 MP: 12/15
 12439 | Lair:2   | 12439 ||| Stepping ~*~*~tactically~*~*~ (stealth).
 12499 | Lair:2   | 12499 ||| INVOKING Heroism.
 12515 | Lair:2   | Found a hole to the Spider Nest.
 12553 | Lair:2   | 12553 ||| Stepping ~*~*~tactically~*~*~ (stealth).
 12554 | Lair:2   | 12554 ||| Stepping ~*~*~tactically~*~*~ (stealth).
 12670 | Lair:2   | 12670 ||| INVOKING Heroism.
 12900 | Lair:2   | Received a gift from Okawaru
 13190 | Lair:3   | 13190 ||| PLANNING GAUNTLET
 13197 | Lair:3   | 13197 ||| Stepping ~*~*~tactically~*~*~ (stealth).
 13198 | Lair:3   | 13198 ||| INVOKING Heroism.
 13240 | Lair:3   | 13240 ||| INVOKING Heroism.
 13357 | Lair:3   | Found a gate leading to a gauntlet.
 13364 | Lair:3   | 13364 ||| INVOKING Heroism.
 13380 | Gauntlet | Entered a Gauntlet
 13380 | Gauntlet | Noticed a dire elephant
 13380 | Gauntlet | Found a transporter.
 13380 | Gauntlet | Found a transporter.
 13381 | Gauntlet | Found a transporter.
 13381 | Gauntlet | Found a transporter.
 13384 | Gauntlet | Found a transporter.
 13396 | Gauntlet | Found a transporter.
 13461 | Gauntlet | Found a transporter.
 13471 | Gauntlet | Found a transporter.
 13471 | Gauntlet | Found the +3 pair of mountain boots {steadfast, rC+}
 13487 | Gauntlet | Found a transporter.
 13502 | Gauntlet | Found a transporter.
 13502 | Gauntlet | Noticed a death scarab
 13513 | Gauntlet | Found a transporter.
 13519 | Gauntlet | Found a transporter.
 13582 | Gauntlet | 13582 ||| INVOKING Heroism.
 13591 | Gauntlet | Reached **** piety under Okawaru
 13598 | Gauntlet | 13598 ||| INVOKING Heroism.
 13751 | Gauntlet | 13751 ||| READING scroll of enchant weapon.
 13751 | Gauntlet | 13751 ||| ENCHANTING +4 war axe of freezing.
 13769 | Gauntlet | 13769 ||| Stepping randomly (stuck).
 13829 | Gauntlet | 13829 ||| Stepping randomly (stuck).
 13842 | Gauntlet | 13842 ||| UPGRADING to +3 pair of mountain boots
                  | {steadfast, rC+}.
 13852 | Gauntlet | 13852 ||| DROPPING +0 pair of boots.
 13853 | Gauntlet | 13853 ||| READING scroll labelled EPISSA JAEF.
 13874 | Gauntlet | 13874 ||| INVOKING Heroism.
 13888 | Gauntlet | Killed a death scarab
 13983 | Gauntlet | Identified the -1 cloak "Ziwaaddi" {Str+7 Dex+5}
 13985 | Gauntlet | 13985 ||| UPGRADING to -1 cloak "Ziwaaddi" {Str+7 Dex+5}.
 13995 | Gauntlet | 13995 ||| DROPPING +0 cloak.
 14007 | Gauntlet | 14007 ||| INVOKING Heroism.
 14026 | Gauntlet | Reached skill level 6 in Invocations
 14102 | Gauntlet | 14102 ||| DROPPING +2 hat of stealth.
 14114 | Gauntlet | Noticed a minotaur
 14116 | Gauntlet | 14116 ||| INVOKING Heroism.
 14129 | Gauntlet | HP: 15/77 [minotaur/staff of fire (12)]
 14130 | Gauntlet | 14130 ||| DRINKING 2 potions of heal wounds.
 14132 | Gauntlet | Killed a minotaur
 14133 | Gauntlet | Reached skill level 3 in Dodging
 14417 | Gauntlet | 14417 ||| READING scroll labelled AJUTEM LEDEDGH.
 14424 | Lair:3   | 14424 ||| PLANNING LAIR
 14432 | Lair:3   | 14432 ||| READING scroll of enchant armour.
 14432 | Lair:3   | 14432 ||| ENCHANTING +0 pair of gloves.
 14547 | Lair:3   | 14547 ||| INVOKING Heroism.
 14564 | Lair:3   | Reached skill level 3 in Throwing
 14564 | Lair:3   | Reached XP level 13. HP: 70/82 MP: 16/18
 14673 | Lair:3   | Reached ***** piety under Okawaru
 14712 | Lair:3   | Received a gift from Okawaru
 14907 | Lair:3   | 14907 ||| Stepping ~*~*~tactically~*~*~ (stealth).
 14909 | Lair:3   | 14909 ||| Stepping ~*~*~tactically~*~*~ (stealth).
 14917 | Lair:3   | 14917 ||| INVOKING Heroism.
 14980 | Lair:3   | 14980 ||| Stepping ~*~*~tactically~*~*~ (hiding).
 14981 | Lair:3   | 14981 ||| Stepping ~*~*~tactically~*~*~ (hiding).
 14982 | Lair:3   | 14982 ||| INVOKING Heroism.
 14983 | Lair:3   | 14983 ||| Stepping ~*~*~tactically~*~*~ (stealth).
 14989 | Lair:3   | 14989 ||| INVOKING Finesse.
 15006 | Lair:3   | 15006 ||| Stepping ~*~*~tactically~*~*~ (stealth).
 15039 | Lair:3   | 15039 ||| INVOKING Heroism.
 15040 | Lair:3   | 15040 ||| SWAPPING to +2 war axe of flaming.
 15045 | Lair:3   | 15045 ||| SWAPPING to +5 war axe of freezing.
 15121 | Lair:3   | 15121 ||| Stepping ~*~*~tactically~*~*~ (stealth).
 15155 | Lair:3   | 15155 ||| Stepping ~*~*~tactically~*~*~ (stealth).
 15157 | Lair:3   | 15157 ||| INVOKING Heroism.
 15445 | Lair:3   | 15445 ||| DROPPING ring of flight.
 15446 | Lair:3   | 15446 ||| READING scroll labelled ZYAWIN WUPURGH.
 15446 | Lair:3   | Identified a scroll of acquirement
 15446 | Lair:3   | 15446 ||| ACQUIRING +11 broad axe of Quantum Leap {protect,
                  | rN++ SInv}
 15446 | Lair:3   | Acquired the +11 broad axe of Quantum Leap {protect, rN++
                  | SInv}
 15448 | Lair:3   | 15448 ||| SWAPPING to +11 broad axe of Quantum Leap
                  | {protect, rN++ SInv}.
 15449 | Lair:3   | 15449 ||| DROPPING +5 war axe of freezing.
 15479 | Lair:4   | 15479 ||| INVOKING Heroism.
 15481 | Lair:4   | Reached skill level 9 in Invocations
 15634 | Lair:4   | 15634 ||| INVOKING Heroism.
 15635 | Lair:4   | 15635 ||| INVOKING Finesse.
 15636 | Lair:4   | 15636 ||| SWAPPING to +2 war axe of flaming.
 15642 | Lair:4   | 15642 ||| SWAPPING to +11 broad axe of Quantum Leap
                  | {protect, rN++ SInv}.
 15734 | Lair:4   | 15734 ||| INVOKING Heroism.
 15758 | Lair:4   | 15758 ||| Stepping ~*~*~tactically~*~*~ (stealth).
 15772 | Lair:4   | 15772 ||| Stepping ~*~*~tactically~*~*~ (stealth).
 15780 | Lair:4   | 15780 ||| INVOKING Heroism.
 15781 | Lair:4   | Identified the +1 ring mail "Qoqakk" {+Inv rN++ Str-2}
                  | (Okawaru gifted it to you on level 4 of the Lair of Beasts)
 15781 | Lair:4   | Received a gift from Okawaru
 15788 | Lair:4   | 15788 ||| Stepping ~*~*~tactically~*~*~ (stealth).
 15793 | Lair:4   | 15793 ||| Stepping ~*~*~tactically~*~*~ (stealth).
 15860 | Lair:4   | 15860 ||| Stepping ~*~*~tactically~*~*~ (stealth).
 15915 | Lair:4   | 15915 ||| INVOKING Heroism.
 16268 | Lair:4   | 16268 ||| UPGRADING to +6 ring of dexterity.
 16269 | Lair:4   | 16269 ||| READING 5 scrolls of identify.
 16269 | Lair:4   | 16269 ||| IDENTIFYING viscous clear potion
 16270 | Lair:4   | 16270 ||| READING 4 scrolls of identify.
 16270 | Lair:4   | 16270 ||| IDENTIFYING red potion
 16271 | Lair:4   | 16271 ||| READING 3 scrolls of identify.
 16271 | Lair:4   | 16271 ||| IDENTIFYING bubbling white potion
 16272 | Lair:4   | 16272 ||| READING 2 scrolls of identify.
 16272 | Lair:4   | 16272 ||| IDENTIFYING fuming purple potion
 16273 | Lair:4   | 16273 ||| DROPPING potion of invisibility.
 16289 | Lair:5   | Entered Level 5 of the Lair of Beasts
 16294 | Lair:5   | 16294 ||| STAIRDANCE
 16341 | Lair:5   | 16341 ||| Stepping ~*~*~tactically~*~*~ (stealth).
 16344 | Lair:5   | 16344 ||| INVOKING Heroism.
 16411 | Lair:5   | 16411 ||| INVOKING Heroism.
 16438 | Lair:5   | 16438 ||| Stepping ~*~*~tactically~*~*~ (stealth).
 16443 | Lair:5   | 16443 ||| Stepping ~*~*~tactically~*~*~ (stealth).
 16473 | Lair:5   | Gained mutation: Your large and strong wings let you fly.
                  | [Gargoyle growth]
 16473 | Lair:5   | Reached XP level 14. HP: 88/90 MP: 21/21
 16484 | Lair:5   | 16484 ||| Stepping ~*~*~tactically~*~*~ (stealth).
 16487 | Lair:5   | 16487 ||| INVOKING Heroism.
 16488 | Lair:5   | 16488 ||| INVOKING Finesse.
 16490 | Lair:5   | 16490 ||| SWAPPING to +2 war axe of flaming.
 16500 | Lair:5   | 16500 ||| SWAPPING to +11 broad axe of Quantum Leap
                  | {protect, rN++ SInv}.
 16567 | Lair:5   | 16567 ||| Stepping ~*~*~tactically~*~*~ (stealth).
 16573 | Lair:5   | 16573 ||| Stepping ~*~*~tactically~*~*~ (stealth).
 16580 | Lair:5   | 16580 ||| Stepping ~*~*~tactically~*~*~ (stealth).
 16582 | Lair:5   | 16582 ||| Stepping ~*~*~tactically~*~*~ (stealth).
 16583 | Lair:5   | 16583 ||| Stepping ~*~*~tactically~*~*~ (stealth).
 16677 | Lair:5   | 16677 ||| INVOKING Heroism.
 16692 | Lair:5   | 16692 ||| Stepping ~*~*~tactically~*~*~ (stealth).
 16829 | Lair:5   | 16829 ||| Stepping ~*~*~tactically~*~*~ (stealth).
 16830 | Lair:5   | 16830 ||| Stepping ~*~*~tactically~*~*~ (stealth).
 16831 | Lair:5   | 16831 ||| INVOKING Heroism.
 16832 | Lair:5   | 16832 ||| SWAPPING to +2 war axe of flaming.
 16838 | Lair:5   | 16838 ||| SWAPPING to +11 broad axe of Quantum Leap
                  | {protect, rN++ SInv}.
 16923 | Lair:5   | 16923 ||| Stepping ~*~*~tactically~*~*~ (stealth).
 16926 | Lair:5   | 16926 ||| Stepping ~*~*~tactically~*~*~ (stealth).
 16927 | Lair:5   | 16927 ||| Stepping ~*~*~tactically~*~*~ (stealth).
 16940 | Lair:5   | Reached skill level 6 in Throwing
 17017 | Lair:5   | 17017 ||| Stepping ~*~*~tactically~*~*~ (stealth).
 17018 | Lair:5   | 17018 ||| Stepping ~*~*~tactically~*~*~ (hiding).
 17019 | Lair:5   | 17019 ||| Stepping ~*~*~tactically~*~*~ (stealth).
 17020 | Lair:5   | 17020 ||| INVOKING Heroism.
 17029 | Lair:5   | Received a gift from Okawaru
 17041 | Lair:5   | 17041 ||| Stepping ~*~*~tactically~*~*~ (stealth).
 17042 | Lair:5   | 17042 ||| INVOKING Finesse.
 17045 | Lair:5   | 17045 ||| SWAPPING to +2 war axe of flaming.
 17047 | Lair:5   | 17047 ||| SWAPPING to +11 broad axe of Quantum Leap
                  | {protect, rN++ SInv}.
 17051 | Lair:5   | 17051 ||| Stepping ~*~*~tactically~*~*~ (stealth).
 17071 | Lair:5   | 17071 ||| Stepping ~*~*~tactically~*~*~ (stealth).
 17072 | Lair:5   | 17072 ||| Stepping ~*~*~tactically~*~*~ (stealth).
 17075 | Lair:5   | 17075 ||| Stepping ~*~*~tactically~*~*~ (stealth).
 17126 | Lair:5   | 17126 ||| Stepping ~*~*~tactically~*~*~ (stealth).
 17127 | Lair:5   | 17127 ||| Stepping ~*~*~tactically~*~*~ (stealth).
 17129 | Lair:5   | 17129 ||| Stepping ~*~*~tactically~*~*~ (stealth).
 17130 | Lair:5   | 17130 ||| Stepping ~*~*~tactically~*~*~ (stealth).
 17239 | Lair:5   | 17239 ||| Stepping ~*~*~tactically~*~*~ (stealth).
 17243 | Lair:5   | 17243 ||| INVOKING Heroism.
 17396 | Lair:5   | Found a viscous altar of Jiyva.
 17400 | Lair:5   | Found a staircase to the Slime Pits.
 17636 | Lair:5   | 17636 ||| Stepping ~*~*~tactically~*~*~ (hiding).
 17672 | Lair:5   | 17672 ||| Stepping ~*~*~tactically~*~*~ (stealth).
 17673 | Lair:5   | 17673 ||| Stepping ~*~*~tactically~*~*~ (stealth).
 17683 | Lair:5   | 17683 ||| INVOKING Heroism.
 17705 | Lair:5   | 17705 ||| Stepping ~*~*~tactically~*~*~ (stealth).
 17715 | Lair:5   | 17715 ||| Stepping ~*~*~tactically~*~*~ (stealth).
 17716 | Lair:5   | 17716 ||| Stepping ~*~*~tactically~*~*~ (stealth).
 17724 | Lair:5   | 17724 ||| Stepping ~*~*~tactically~*~*~ (stealth).
 17725 | Lair:5   | 17725 ||| Stepping ~*~*~tactically~*~*~ (stealth).
 17730 | Lair:5   | 17730 ||| INVOKING Heroism.
 17748 | Lair:5   | Reached skill level 15 in Axes
 17766 | Lair:5   | 17766 ||| Stepping ~*~*~tactically~*~*~ (stealth).
 17768 | Lair:5   | 17768 ||| Stepping ~*~*~tactically~*~*~ (hiding).
 17842 | Lair:5   | 17842 ||| Stepping ~*~*~tactically~*~*~ (stealth).
 17847 | Lair:5   | 17847 ||| Stepping ~*~*~tactically~*~*~ (stealth).
 17848 | Lair:5   | 17848 ||| Stepping ~*~*~tactically~*~*~ (stealth).
 17849 | Lair:5   | 17849 ||| Stepping ~*~*~tactically~*~*~ (stealth).
 17850 | Lair:5   | 17850 ||| INVOKING Heroism.
 17851 | Lair:5   | 17851 ||| SWAPPING to +2 war axe of flaming.
 17856 | Lair:5   | 17856 ||| SWAPPING to +11 broad axe of Quantum Leap
                  | {protect, rN++ SInv}.
 17863 | Lair:5   | Received a gift from Okawaru
 17879 | Lair:5   | 17879 ||| Stepping ~*~*~tactically~*~*~ (stealth).
 17886 | Lair:5   | 17886 ||| Stepping ~*~*~tactically~*~*~ (stealth).
 17887 | Lair:5   | 17887 ||| Stepping ~*~*~tactically~*~*~ (stealth).
 17898 | Lair:5   | 17898 ||| Stepping ~*~*~tactically~*~*~ (stealth).
 17908 | Lair:5   | 17908 ||| INVOKING Heroism.
 17918 | Lair:5   | 17918 ||| Stepping ~*~*~tactically~*~*~ (stealth).
 17940 | Lair:5   | 17940 ||| INVOKING Heroism.
 17941 | Lair:5   | 17941 ||| INVOKING Finesse.
 17955 | Lair:5   | Reached skill level 12 in Fighting
 17955 | Lair:5   | 17955 ||| Stepping ~*~*~tactically~*~*~ (hiding).
 17973 | Lair:5   | 17973 ||| Stepping ~*~*~tactically~*~*~ (stealth).
 17987 | Lair:5   | 17987 ||| Stepping ~*~*~tactically~*~*~ (stealth).
 18031 | Lair:5   | 18031 ||| Stepping ~*~*~tactically~*~*~ (stealth).
 18050 | Lair:5   | 18050 ||| Stepping ~*~*~tactically~*~*~ (hiding).
 18078 | Lair:5   | 18078 ||| Stepping ~*~*~tactically~*~*~ (stealth).
 18095 | Lair:5   | 18095 ||| INVOKING Heroism.
 18454 | Lair:5   | 18454 ||| PLANNING D:1-11
 18454 | Lair:5   | 18454 ||| UPGRADING to ring of willpower.
 18456 | Lair:5   | 18456 ||| DRINKING 2 bubbling amethyst potions.
 18456 | Lair:5   | Reached XP level 15. HP: 96/96 MP: 22/22
 18457 | Lair:5   | 18457 ||| DRINKING potion of experience.
 18457 | Lair:5   | Reached skill level 9 in Shields
 18457 | Lair:5   | Reached XP level 16. HP: 101/101 MP: 23/23
 18676 | D:11     | 18676 ||| Stepping ~*~*~tactically~*~*~ (stealth).
 18728 | D:11     | 18728 ||| INVOKING Heroism.
 18729 | D:11     | 18729 ||| INVOKING Finesse.
 18736 | D:11     | Received a gift from Okawaru
 19079 | D:11     | 19079 ||| INVOKING Heroism.
 19120 | D:11     | 19120 ||| INVOKING Heroism.
 19121 | D:11     | 19121 ||| INVOKING Finesse.
 19122 | D:11     | 19122 ||| SWAPPING to +2 war axe of flaming.
 19128 | D:11     | 19128 ||| SWAPPING to +11 broad axe of Quantum Leap
                  | {protect, rN++ SInv}.
 19270 | D:11     | 19270 ||| INVOKING Heroism.
 19547 | D:11     | 19547 ||| Stepping ~*~*~tactically~*~*~ (stealth).
 19644 | D:11     | 19644 ||| PLANNING D
 19721 | D:12     | Reached skill level 12 in Armour
 19963 | D:12     | 19963 ||| INVOKING Heroism.
 19977 | D:12     | Reached XP level 17. HP: 89/106 MP: 24/24
 20063 | D:12     | Found a runed translucent door.
 20063 | D:12     | Noticed Anyutwal's ghost (journeyman HOFi)
 20064 | D:12     | 20064 ||| INVOKING Heroism.
 20067 | D:12     | 20067 ||| SWAPPING to +2 war axe of flaming.
 20075 | D:12     | 20075 ||| SWAPPING to +11 broad axe of Quantum Leap
                  | {protect, rN++ SInv}.
 20257 | D:12     | 20257 ||| INVOKING Heroism.
 20320 | D:12     | Found a staircase to the Orcish Mines.
 20404 | D:12     | 20404 ||| READING scroll labelled NIHUKITHEDGH.
 20547 | D:13     | 20547 ||| Stepping ~*~*~tactically~*~*~ (stealth).
 20598 | D:13     | 20598 ||| Stepping ~*~*~tactically~*~*~ (stealth).
 20602 | D:13     | 20602 ||| Stepping ~*~*~tactically~*~*~ (stealth).
 20604 | D:13     | 20604 ||| INVOKING Heroism.
 20607 | D:13     | 20607 ||| Stepping ~*~*~tactically~*~*~ (hiding).
 20651 | D:13     | 20651 ||| Stepping ~*~*~tactically~*~*~ (hiding).
 20652 | D:13     | 20652 ||| INVOKING Heroism.
 20655 | D:13     | Reached skill level 6 in Dodging
 20675 | D:13     | 20675 ||| INVOKING Heroism.
 20736 | D:13     | 20736 ||| FLEEEEING.
 20737 | D:13     | 20737 ||| FLEEEEING.
 20740 | D:13     | 20740 ||| STAIRDANCE
 20970 | D:13     | 20970 ||| Stepping ~*~*~tactically~*~*~ (hiding).
 20971 | D:13     | 20971 ||| Stepping ~*~*~tactically~*~*~ (hiding).
 21133 | D:13     | 21133 ||| Stepping ~*~*~tactically~*~*~ (hiding).
 21372 | D:13     | 21372 ||| Stepping ~*~*~tactically~*~*~ (hiding).
 21374 | D:13     | 21374 ||| Stepping ~*~*~tactically~*~*~ (hiding).
 21376 | D:13     | 21376 ||| INVOKING Heroism.
 21381 | D:13     | Received a gift from Okawaru
 21404 | D:13     | 21404 ||| Stepping ~*~*~tactically~*~*~ (hiding).
 21406 | D:13     | 21406 ||| Stepping ~*~*~tactically~*~*~ (hiding).
 21535 | D:13     | Found a gate to the Vaults.
 21687 | D:13     | 21687 ||| DROPPING scarf of invisibility.
 21746 | D:14     | 21746 ||| Stepping ~*~*~tactically~*~*~ (hiding).
 21747 | D:14     | 21747 ||| INVOKING Heroism.
 21751 | D:14     | 21751 ||| SWAPPING to +2 war axe of flaming.
 21756 | D:14     | 21756 ||| SWAPPING to +11 broad axe of Quantum Leap
                  | {protect, rN++ SInv}.
 22071 | D:14     | 22071 ||| Stepping ~*~*~tactically~*~*~ (stealth).
 22074 | D:14     | 22074 ||| Stepping ~*~*~tactically~*~*~ (stealth).
 22075 | D:14     | 22075 ||| Stepping ~*~*~tactically~*~*~ (stealth).
 22089 | Abyss:2  | Cast into level 2 of the Abyss (a wizard)
 22144 | Abyss:2  | Noticed a tentacled starspawn
 22154 | Abyss:2  | Killed a tentacled starspawn
 22155 | Abyss:2  | 22155 ||| INVOKING Heroism.
 22157 | Abyss:2  | Paralysed by accursed screaming for 1 turns
 22200 | Abyss:2  | Noticed a tentacled starspawn
 22202 | Abyss:2  | 22202 ||| Stepping ~*~*~tactically~*~*~ (hiding).
 22213 | Abyss:2  | Killed a tentacled starspawn
 22239 | Abyss:2  | 22239 ||| Stepping randomly (cloudy).
 22240 | Abyss:2  | 22240 ||| Stepping randomly (cloudy).
 22242 | Abyss:2  | 22242 ||| Stepping ~*~*~tactically~*~*~ (cloud).
 22245 | Abyss:2  | 22245 ||| Stepping randomly (cloudy).
 22246 | Abyss:2  | 22246 ||| Stepping randomly (cloudy).
 22251 | Abyss:2  | 22251 ||| DRINKING potion of cancellation.
 22254 | Abyss:2  | 22254 ||| Stepping randomly (cloudy).
 22255 | Abyss:2  | 22255 ||| Stepping randomly (cloudy).
 22275 | Abyss:2  | 22275 ||| Stepping ~*~*~tactically~*~*~ (stealth).
 22276 | Abyss:2  | 22276 ||| Stepping ~*~*~tactically~*~*~ (stealth).
 22280 | Abyss:2  | 22280 ||| Stepping ~*~*~tactically~*~*~ (stealth).
 22288 | Abyss:2  | 22288 ||| Stepping ~*~*~tactically~*~*~ (stealth).
 22291 | Abyss:2  | 22291 ||| Stepping ~*~*~tactically~*~*~ (stealth).
 22296 | Abyss:2  | 22296 ||| Stepping ~*~*~tactically~*~*~ (stealth).
 22305 | Abyss:2  | 22305 ||| Stepping ~*~*~tactically~*~*~ (stealth).
 22307 | Abyss:2  | 22307 ||| INVOKING Heroism.
 22371 | Abyss:2  | 22371 ||| Stepping ~*~*~tactically~*~*~ (stealth).
 22373 | Abyss:2  | 22373 ||| INVOKING Heroism.
 22434 | Abyss:2  | HP: 26/108 [rakshasa/+0 trident (6)]
 22435 | Abyss:2  | 22435 ||| READING 9 scrolls of teleportation.
 22436 | Abyss:2  | 22436 ||| DRINKING 4 potions of heal wounds.
 22443 | Abyss:2  | 22443 ||| INVOKING Heroism.
 22496 | Abyss:3  | 22496 ||| INVOKING Heroism.
 22515 | Abyss:3  | Noticed a tentacled starspawn
 22523 | Abyss:3  | Killed a tentacled starspawn
 22526 | D:14     | Escaped the Abyss
 22536 | D:14     | Identified the +0 plate armour "Vakhlu" {Str+6} (Okawaru
                  | gifted it to you on level 14 of the Dungeon)
 22536 | D:14     | Received a gift from Okawaru
 22808 | D:14     | Identified Roxanne's Atlas of Variation
 22808 | D:14     | Noticed Roxanne
 22809 | D:14     | 22809 ||| INVOKING Heroism.
 22810 | D:14     | 22810 ||| INVOKING Finesse.
 22838 | D:14     | Killed Roxanne
 23085 | D:14     | 23085 ||| UPGRADING to +0 plate armour "Vakhlu" {Str+6}.
 23086 | D:14     | 23086 ||| UPGRADING to +0 plate armour "Vakhlu" {Str+6}.
 23091 | D:14     | 23091 ||| UPGRADING to +0 plate armour "Vakhlu" {Str+6}.
 23101 | D:14     | 23101 ||| INVOKING Heroism.
 23296 | D:14     | 23296 ||| UPGRADING to +0 plate armour "Vakhlu" {Str+6}.
 23306 | D:14     | 23306 ||| DROPPING +0 plate armour.
 23307 | D:14     | 23307 ||| UPGRADING to +0 kite shield.
 23317 | D:14     | 23317 ||| DROPPING +2 buckler of protection.
 23318 | D:14     | 23318 ||| DROPPING +1 pair of boots.
 23319 | D:14     | Found the +4 skin of Zhor {*Englaciate rC+++ SInv}
 23510 | D:15     | Entered Level 15 of the Dungeon
 23600 | D:15     | 23600 ||| INVOKING Heroism.
 23618 | D:15     | 23618 ||| Stepping ~*~*~tactically~*~*~ (hiding).
 23831 | D:15     | 23831 ||| INVOKING Heroism.
 23832 | D:15     | 23832 ||| INVOKING Finesse.
 23833 | D:15     | Found a staircase to the Depths.
 23846 | D:15     | 23846 ||| SWAPPING to +2 war axe of flaming.
 23849 | D:15     | 23849 ||| SWAPPING to +11 broad axe of Quantum Leap
                  | {protect, rN++ SInv}.
 24005 | D:15     | Found Soshe's Antique Armour Boutique.
 24014 | D:15     | 24014 ||| BUYING runed plate armour (546 gold).
 24014 | D:15     | Bought a runed plate armour for 546 gold pieces
 24014 | D:15     | 24014 ||| BUYING runed scarf (168 gold).
 24014 | D:15     | Bought a runed scarf for 168 gold pieces
 24146 | D:15     | 24146 ||| Stepping ~*~*~tactically~*~*~ (stealth).
 24149 | D:15     | 24149 ||| INVOKING Heroism.
 24466 | D:15     | 24466 ||| INVOKING Heroism.
 24500 | D:15     | 24500 ||| PLANNING ORC
 24500 | D:15     | 24500 ||| UPGRADING to +4 plate armour of willpower.
 24510 | D:15     | 24510 ||| DROPPING +0 plate armour "Vakhlu" {Str+6}.
 24511 | D:15     | 24511 ||| DROPPING scarf of invisibility.
 24624 | Orc:1    | Entered Level 1 of the Orcish Mines
 24670 | Orc:1    | 24670 ||| Stepping ~*~*~tactically~*~*~ (hiding).
 24695 | Orc:1    | 24695 ||| Stepping ~*~*~tactically~*~*~ (stealth).
 24697 | Orc:1    | 24697 ||| Stepping ~*~*~tactically~*~*~ (stealth).
 24698 | Orc:1    | Noticed Maurice
 24699 | Orc:1    | 24699 ||| Stepping ~*~*~tactically~*~*~ (stealth).
 24716 | Orc:1    | 24716 ||| Stepping ~*~*~tactically~*~*~ (hiding).
 24724 | Orc:1    | Killed Maurice
 24725 | Orc:1    | Reached XP level 18. HP: 114/114 MP: 25/25
 24825 | Orc:1    | 24825 ||| DROPPING +2 war axe of flaming.
 25011 | Orc:1    | 25011 ||| Stepping ~*~*~tactically~*~*~ (hiding).
 25013 | Orc:1    | 25013 ||| Stepping ~*~*~tactically~*~*~ (hiding).
 25015 | Orc:1    | 25015 ||| Stepping ~*~*~tactically~*~*~ (hiding).
 25016 | Orc:1    | 25016 ||| INVOKING Heroism.
 25020 | Orc:1    | 25020 ||| Stepping ~*~*~tactically~*~*~ (hiding).
 25021 | Orc:1    | 25021 ||| Stepping ~*~*~tactically~*~*~ (hiding).
 25099 | Orc:1    | 25099 ||| Stepping ~*~*~tactically~*~*~ (stealth).
 25100 | Orc:1    | 25100 ||| Stepping ~*~*~tactically~*~*~ (stealth).
 25102 | Orc:1    | 25102 ||| Stepping ~*~*~tactically~*~*~ (stealth).
 25103 | Orc:1    | 25103 ||| Stepping ~*~*~tactically~*~*~ (stealth).
 25107 | Orc:1    | Reached skill level 12 in Shields
 25180 | Orc:1    | 25180 ||| Stepping ~*~*~tactically~*~*~ (hiding).
 25181 | Orc:1    | 25181 ||| Stepping ~*~*~tactically~*~*~ (hiding).
 25192 | Orc:1    | 25192 ||| Stepping ~*~*~tactically~*~*~ (hiding).
 25318 | Orc:2    | Entered Level 2 of the Orcish Mines
 25319 | Orc:2    | 25319 ||| STAIRDANCE
 25325 | Orc:2    | 25325 ||| INVOKING Heroism.
 25327 | Orc:2    | 25327 ||| STAIRDANCE
 25338 | Orc:2    | 25338 ||| STAIRDANCE
 25348 | Orc:2    | 25348 ||| STAIRDANCE
 25355 | Orc:2    | 25355 ||| STAIRDANCE
 25364 | Orc:2    | 25364 ||| STAIRDANCE
 25403 | Orc:2    | 25403 ||| Stepping ~*~*~tactically~*~*~ (hiding).
 25404 | Orc:2    | 25404 ||| Stepping ~*~*~tactically~*~*~ (hiding).
 25405 | Orc:2    | 25405 ||| Stepping ~*~*~tactically~*~*~ (hiding).
 25406 | Orc:2    | 25406 ||| Stepping ~*~*~tactically~*~*~ (hiding).
 25407 | Orc:2    | 25407 ||| INVOKING Heroism.
 25474 | Orc:2    | 25474 ||| Stepping ~*~*~tactically~*~*~ (stealth).
 25475 | Orc:2    | 25475 ||| Stepping ~*~*~tactically~*~*~ (stealth).
 25476 | Orc:2    | 25476 ||| Stepping ~*~*~tactically~*~*~ (stealth).
 25477 | Orc:2    | 25477 ||| Stepping ~*~*~tactically~*~*~ (hiding).
 25478 | Orc:2    | 25478 ||| Stepping ~*~*~tactically~*~*~ (hiding).
 25479 | Orc:2    | 25479 ||| Stepping ~*~*~tactically~*~*~ (hiding).
 25482 | Orc:2    | 25482 ||| INVOKING Heroism.
 25515 | Orc:2    | 25515 ||| Stepping ~*~*~tactically~*~*~ (stealth).
 25517 | Orc:2    | 25517 ||| Stepping ~*~*~tactically~*~*~ (hiding).
 25529 | Orc:2    | 25529 ||| Stepping ~*~*~tactically~*~*~ (stealth).
 25536 | Orc:2    | 25536 ||| Stepping ~*~*~tactically~*~*~ (stealth).
 25550 | Orc:2    | 25550 ||| Stepping ~*~*~tactically~*~*~ (hiding).
 25551 | Orc:2    | 25551 ||| Stepping ~*~*~tactically~*~*~ (hiding).
 25554 | Orc:2    | 25554 ||| INVOKING Heroism.
 25558 | Orc:2    | 25558 ||| Stepping ~*~*~tactically~*~*~ (hiding).
 25559 | Orc:2    | 25559 ||| Stepping ~*~*~tactically~*~*~ (hiding).
 25560 | Orc:2    | 25560 ||| Stepping ~*~*~tactically~*~*~ (hiding).
 25561 | Orc:2    | 25561 ||| Stepping ~*~*~tactically~*~*~ (hiding).
 25600 | Orc:2    | Found Makylil's Weapon Boutique.
 25600 | Orc:2    | Found Xaowe's Armour Emporium.
 25600 | Orc:2    | Found Utenuowo's Book Shoppe.
 25605 | Orc:2    | 25605 ||| INVOKING Heroism.
 25607 | Orc:2    | HP: 23/114 [orc warrior/+0 trident (11)]
 25608 | Orc:2    | 25608 ||| READING 8 scrolls of teleportation.
 25609 | Orc:2    | 25609 ||| DRINKING 3 potions of heal wounds.
 25669 | Orc:2    | 25669 ||| Stepping ~*~*~tactically~*~*~ (stealth).
 25670 | Orc:2    | 25670 ||| INVOKING Heroism.
 25678 | Orc:2    | 25678 ||| FLEEEEING.
 25679 | Orc:2    | 25679 ||| FLEEEEING.
 25680 | Orc:2    | 25680 ||| FLEEEEING.
 25681 | Orc:2    | 25681 ||| STAIRDANCE
 25894 | Orc:2    | 25894 ||| Stepping ~*~*~tactically~*~*~ (hiding).
 25895 | Orc:2    | 25895 ||| Stepping ~*~*~tactically~*~*~ (hiding).
 25912 | Orc:2    | 25912 ||| FLEEEEING.
 25913 | Orc:2    | 25913 ||| FLEEEEING.
 25914 | Orc:2    | 25914 ||| FLEEEEING.
 25915 | Orc:2    | 25915 ||| FLEEEEING.
 25916 | Orc:2    | 25916 ||| FLEEEEING.
 25917 | Orc:2    | 25917 ||| STAIRDANCE
 25960 | Orc:2    | 25960 ||| STAIRDANCE
 25977 | Orc:2    | Found a staircase to the Elven Halls.
 26028 | Orc:2    | 26028 ||| Stepping ~*~*~tactically~*~*~ (stealth).
 26030 | Orc:2    | 26030 ||| Stepping ~*~*~tactically~*~*~ (hiding).
 26036 | Orc:2    | Received a gift from Okawaru
 26109 | Orc:2    | 26109 ||| Stepping ~*~*~tactically~*~*~ (hiding).
 26124 | Orc:2    | 26124 ||| Stepping ~*~*~tactically~*~*~ (stealth).
 26126 | Orc:2    | 26126 ||| Stepping ~*~*~tactically~*~*~ (hiding).
 26129 | Orc:2    | 26129 ||| Stepping ~*~*~tactically~*~*~ (stealth).
 26142 | Orc:2    | 26142 ||| INVOKING Heroism.
 26236 | Orc:2    | Found Doumenat's Assorted Antiques.
 26241 | Orc:2    | 26241 ||| BUYING +2 helmet (198 gold).
 26241 | Orc:2    | Bought a +2 helmet for 198 gold pieces
 26241 | Orc:2    | 26241 ||| BUYING +4 chain mail of cold resistance (378
                  | gold).
 26241 | Orc:2    | Bought a +4 chain mail of cold resistance for 378 gold
                  | pieces
 26248 | Orc:2    | 26248 ||| BUYING gilded ring (175 gold).
 26248 | Orc:2    | Bought a gilded ring for 175 gold pieces
 26248 | Orc:2    | 26248 ||| BUYING glowing hat (245 gold).
 26248 | Orc:2    | Bought a glowing hat for 245 gold pieces
 26248 | Orc:2    | 26248 ||| BUYING potion of mutation (280 gold).
 26248 | Orc:2    | Bought a potion of mutation for 280 gold pieces
 26248 | Orc:2    | 26248 ||| BUYING runed helmet (262 gold).
 26248 | Orc:2    | Bought a runed helmet for 262 gold pieces
 26401 | Orc:2    | 26401 ||| PLANNING SPIDER:1-3
 26401 | Orc:2    | 26401 ||| UPGRADING to +2 helmet.
 26411 | Orc:2    | 26411 ||| DROPPING +0 helmet.
 26412 | Orc:2    | 26412 ||| DROPPING +4 skin of Zhor {*Englaciate rC+++
                  | SInv}.
 26413 | Orc:2    | 26413 ||| DROPPING +1 hat.
 26414 | Orc:2    | 26414 ||| DROPPING +2 helmet.
 26569 | Spider:1 | Entered Level 1 of the Spider Nest
 26579 | Spider:1 | 26579 ||| DRINKING 4 potions of curing.
 26579 | Spider:1 | 26579 ||| (to cure confusion)
 26774 | Spider:1 | Noticed Agnes
 26775 | Spider:1 | 26775 ||| Stepping ~*~*~tactically~*~*~ (stealth).
 26776 | Spider:1 | 26776 ||| INVOKING Heroism.
 26777 | Spider:1 | 26777 ||| INVOKING Finesse.
 26778 | Spider:1 | 26778 ||| INVOKING Finesse.
 26781 | Spider:1 | 26781 ||| Stepping ~*~*~tactically~*~*~ (stealth).
 26789 | Spider:1 | Killed Agnes
 27267 | Spider:2 | 27267 ||| Stepping ~*~*~tactically~*~*~ (stealth).
 27585 | Spider:2 | 27585 ||| FLEEEEING.
 27586 | Spider:2 | 27586 ||| FLEEEEING.
 27587 | Spider:2 | 27587 ||| FLEEEEING.
 27588 | Spider:2 | 27588 ||| FLEEEEING.
 27589 | Spider:2 | 27589 ||| FLEEEEING.
 27604 | Spider:2 | 27604 ||| FLEEEEING.
 27605 | Spider:2 | 27605 ||| FLEEEEING.
 27606 | Spider:2 | 27606 ||| FLEEEEING.
 27607 | Spider:2 | 27607 ||| FLEEEEING.
 27608 | Spider:2 | 27608 ||| FLEEEEING.
 27609 | Spider:2 | 27609 ||| FLEEEEING.
 27610 | Spider:2 | 27610 ||| FLEEEEING.
 27611 | Spider:2 | 27611 ||| FLEEEEING.
 27612 | Spider:2 | 27612 ||| STAIRDANCE
 27872 | Spider:2 | 27872 ||| Stepping ~*~*~tactically~*~*~ (hiding).
 27877 | Spider:2 | 27877 ||| INVOKING Heroism.
 27913 | Spider:2 | Reached skill level 18 in Axes
 28220 | Spider:3 | 28220 ||| STAIRDANCE
 28227 | Spider:3 | 28227 ||| STAIRDANCE
 28229 | Spider:2 | 28229 ||| INVOKING Heroism.
 28372 | Spider:3 | 28372 ||| STAIRDANCE
 28374 | Spider:2 | 28374 ||| INVOKING Finesse.
 28407 | Spider:3 | 28407 ||| STAIRDANCE
 28551 | Spider:3 | 28551 ||| Stepping ~*~*~tactically~*~*~ (hiding).
 28551 | Spider:3 | Found the +8 storm bow {elec, penet}
 28552 | Spider:3 | 28552 ||| INVOKING Heroism.
 28595 | Spider:3 | 28595 ||| INVOKING Finesse.
 28745 | Spider:3 | 28745 ||| FLEEEEING.
 28746 | Spider:3 | 28746 ||| FLEEEEING.
 28747 | Spider:3 | 28747 ||| FLEEEEING.
 28748 | Spider:3 | 28748 ||| Stepping ~*~*~tactically~*~*~ (stealth).
 28757 | Spider:3 | Received a gift from Okawaru
 28885 | Spider:3 | 28885 ||| INVOKING Heroism.
 28900 | Spider:3 | 28900 ||| INVOKING Heroism.
 28964 | Spider:3 | 28964 ||| Stepping ~*~*~tactically~*~*~ (stealth).
 29010 | Spider:3 | 29010 ||| Stepping ~*~*~tactically~*~*~ (stealth).
 29014 | Spider:3 | 29014 ||| Stepping ~*~*~tactically~*~*~ (stealth).
 29015 | Spider:3 | 29015 ||| INVOKING Heroism.
 29030 | Spider:3 | Identified the +8 arbalest "Plog" {penet, rPois rN++ Str-2}
 29106 | Spider:3 | 29106 ||| Stepping ~*~*~tactically~*~*~ (stealth).
 29107 | Spider:3 | 29107 ||| Stepping ~*~*~tactically~*~*~ (stealth).
 29108 | Spider:3 | 29108 ||| Stepping ~*~*~tactically~*~*~ (hiding).
 29110 | Spider:3 | 29110 ||| INVOKING Heroism.
 29338 | Spider:3 | 29338 ||| Stepping ~*~*~tactically~*~*~ (stealth).
 29339 | Spider:3 | 29339 ||| Stepping ~*~*~tactically~*~*~ (stealth).
 29340 | Spider:3 | 29340 ||| Stepping ~*~*~tactically~*~*~ (stealth).
 29341 | Spider:3 | 29341 ||| Stepping ~*~*~tactically~*~*~ (stealth).
 29369 | Spider:3 | 29369 ||| PLANNING SWAMP:1-3
 29437 | Swamp:1  | Entered Level 1 of the Swamp
 29448 | Swamp:1  | 29448 ||| INVOKING Heroism.
 29451 | Swamp:1  | 29451 ||| Stepping ~*~*~tactically~*~*~ (hiding).
 29452 | Swamp:1  | 29452 ||| Stepping ~*~*~tactically~*~*~ (hiding).
 29514 | Swamp:1  | Identified the +5 robe of the Seven Seas {Str+4 Stlth+}
                  | (Okawaru gifted it to you on level 1 of the Swamp)
 29514 | Swamp:1  | Received a gift from Okawaru
 29699 | Swamp:1  | 29699 ||| INVOKING Heroism.
 29960 | Swamp:1  | Noticed Kirke
 29962 | Swamp:1  | 29962 ||| Stepping ~*~*~tactically~*~*~ (stealth).
 29963 | Swamp:1  | 29963 ||| Stepping ~*~*~tactically~*~*~ (stealth).
 29965 | Swamp:1  | 29965 ||| Stepping ~*~*~tactically~*~*~ (stealth).
 29973 | Swamp:1  | 29973 ||| Stepping ~*~*~tactically~*~*~ (stealth).
 29978 | Swamp:1  | 29978 ||| INVOKING Heroism.
 29996 | Swamp:1  | Killed Kirke
 30066 | Swamp:1  | 30066 ||| INVOKING Heroism.
 30093 | Swamp:1  | Noticed Louise
 30094 | Swamp:1  | 30094 ||| Stepping ~*~*~tactically~*~*~ (hiding).
 30095 | Swamp:1  | 30095 ||| Stepping ~*~*~tactically~*~*~ (hiding).
 30097 | Swamp:1  | 30097 ||| Stepping ~*~*~tactically~*~*~ (hiding).
 30105 | Swamp:1  | Killed Louise
 30331 | Swamp:1  | 30331 ||| UPGRADING to +0 tower shield.
 30341 | Swamp:1  | 30341 ||| DROPPING +0 kite shield.
 30353 | Swamp:2  | 30353 ||| Stepping ~*~*~tactically~*~*~ (stealth).
 30480 | Swamp:2  | 30480 ||| Stepping ~*~*~tactically~*~*~ (stealth).
 30481 | Swamp:2  | 30481 ||| Stepping ~*~*~tactically~*~*~ (stealth).
 30482 | Swamp:2  | 30482 ||| Stepping ~*~*~tactically~*~*~ (stealth).
 30483 | Swamp:2  | 30483 ||| INVOKING Heroism.
 30582 | Swamp:2  | 30582 ||| Stepping ~*~*~tactically~*~*~ (stealth).
 30699 | Swamp:2  | 30699 ||| INVOKING Heroism.
 30716 | Swamp:2  | 30716 ||| Stepping ~*~*~tactically~*~*~ (hiding).
 30718 | Swamp:2  | 30718 ||| Stepping ~*~*~tactically~*~*~ (hiding).
 30719 | Swamp:2  | 30719 ||| Stepping ~*~*~tactically~*~*~ (hiding).
 31024 | Swamp:2  | 31024 ||| Stepping ~*~*~tactically~*~*~ (hiding).
 31262 | Swamp:3  | 31262 ||| INVOKING Heroism.
 31263 | Swamp:3  | 31263 ||| STAIRDANCE
 31275 | Swamp:3  | 31275 ||| Stepping ~*~*~tactically~*~*~ (hiding).
 31289 | Swamp:3  | Reached skill level 15 in Shields
 31289 | Swamp:3  | Reached XP level 19. HP: 88/121 MP: 26/26
 31366 | Swamp:3  | 31366 ||| FLEEEEING.
 31367 | Swamp:3  | 31367 ||| STAIRDANCE
 31513 | Swamp:3  | 31513 ||| Stepping ~*~*~tactically~*~*~ (hiding).
 31514 | Swamp:3  | 31514 ||| Stepping ~*~*~tactically~*~*~ (hiding).
 31516 | Swamp:3  | 31516 ||| INVOKING Heroism.
 31564 | Swamp:3  | 31564 ||| INVOKING Heroism.
 31619 | Swamp:3  | 31619 ||| Stepping ~*~*~tactically~*~*~ (stealth).
 31620 | Swamp:3  | 31620 ||| INVOKING Heroism.
 31663 | Swamp:3  | Identified the +5 chain mail "Quikeg" {rF+ rC+ Dex+4}
 32025 | Swamp:3  | 32025 ||| PLANNING SPIDER:4
 32025 | Swamp:3  | 32025 ||| DROPPING +0 ice dragon scales.
 32026 | Swamp:3  | 32026 ||| DROPPING +4 chain mail of cold resistance.
 32027 | Swamp:3  | 32027 ||| UPGRADING to +5 chain mail "Quikeg" {rF+ rC+
                  | Dex+4}.
 32143 | Spider:4 | Entered Level 4 of the Spider Nest
 32150 | Spider:4 | 32150 ||| DRINKING 6 potions of curing.
 32150 | Spider:4 | 32150 ||| (to cure confusion)
 32253 | Spider:4 | 32253 ||| Stepping ~*~*~tactically~*~*~ (stealth).
 32317 | Spider:4 | Received a gift from Okawaru
 32325 | Spider:4 | 32325 ||| Stepping ~*~*~tactically~*~*~ (hiding).
 32327 | Spider:4 | 32327 ||| INVOKING Heroism.
 32432 | Spider:4 | 32432 ||| INVOKING Heroism.
 32455 | Spider:4 | Noticed Arachne
 32456 | Spider:4 | 32456 ||| INVOKING Finesse.
 32458 | Spider:4 | 32458 ||| INVOKING Heroism.
 32471 | Spider:4 | Killed Arachne
 32522 | Spider:4 | 32522 ||| INVOKING Finesse.
 32727 | Spider:4 | Found a transporter.
 32738 | Spider:4 | Noticed Mawidig's ghost (adept MiBe)
 32752 | Spider:4 | Found a transporter.
 32859 | Spider:4 | 32859 ||| INVOKING Finesse.
 32874 | Spider:4 | Received a gift from Okawaru
 32894 | Spider:4 | Noticed Bai Suzhen
 32895 | Spider:4 | 32895 ||| INVOKING Heroism.
 32917 | Spider:4 | Killed Bai Suzhen
 32918 | Spider:4 | 32918 ||| Stepping ~*~*~tactically~*~*~ (cloud).
 32923 | Spider:4 | 32923 ||| Stepping ~*~*~tactically~*~*~ (stealth).
 32924 | Spider:4 | 32924 ||| Stepping ~*~*~tactically~*~*~ (stealth).
 32925 | Spider:4 | 32925 ||| Stepping ~*~*~tactically~*~*~ (stealth).
 33196 | Spider:4 | 33196 ||| INVOKING Heroism.
 33199 | Spider:4 | Received a gift from Okawaru
 33305 | Spider:4 | 33305 ||| Stepping ~*~*~tactically~*~*~ (hiding).
 33435 | Spider:4 | 33435 ||| INVOKING Heroism.
 33606 | Spider:4 | Got a gossamer rune of Zot
 33629 | Spider:4 | 33629 ||| PLANNING VAULTS:1-4
 33629 | Spider:4 | 33629 ||| UPGRADING to +4 plate armour of willpower.
 33639 | Spider:4 | 33639 ||| DROPPING +1 pair of boots of flying.
 33640 | Spider:4 | 33640 ||| DROPPING amulet of faith.
 33923 | Vaults:1 | Entered Level 1 of the Vaults
 33929 | Vaults:1 | 33929 ||| Stepping ~*~*~tactically~*~*~ (hiding).
 33931 | Vaults:1 | 33931 ||| INVOKING Heroism.
 33961 | Vaults:1 | Reached skill level 18 in Shields
 33971 | Vaults:1 | 33971 ||| INVOKING Heroism.
 34353 | Vaults:1 | 34353 ||| Stepping ~*~*~tactically~*~*~ (stealth).
 34360 | Vaults:1 | Received a gift from Okawaru
 34609 | Vaults:1 | 34609 ||| Stepping ~*~*~tactically~*~*~ (hiding).
 34610 | Vaults:1 | 34610 ||| Stepping ~*~*~tactically~*~*~ (hiding).
 34759 | Vaults:1 | 34759 ||| Stepping ~*~*~tactically~*~*~ (hiding).
 34760 | Vaults:1 | 34760 ||| Stepping ~*~*~tactically~*~*~ (hiding).
 34763 | Vaults:1 | 34763 ||| INVOKING Heroism.
 34764 | Vaults:1 | 34764 ||| INVOKING Finesse.
 34775 | Vaults:1 | Noticed Nikola
 34782 | Vaults:1 | Received a gift from Okawaru
 34803 | Vaults:1 | HP: 22/121 [Nikola/arc of chain lightning (52)]
 34804 | Vaults:1 | 34804 ||| READING 10 scrolls of teleportation.
 34804 | Vaults:1 | Killed from afar by Nikola

Levels and vault maps discovered:
D:1:      grunt_arrival_lava_bath, layout_basic, chequers_hall_statues_corner_a
D:2:      layout_rooms, shapermc_ecumenical_altar_notcrosses, uniq_sigmund
D:3:      layout_loops_ring, amcnicky_altar_gilded, serial_shops,
          nicolae_shop_crystal, supply_closet_lemuel
D:4:      layout_cave_pools, tgw_sif, nicolae_uskayaw_murder_on_the_dancefloor,
          gup_sewer_entry_bubbles
D:5:      layout_loops_ring, fedhas_altar_decomposition,
          mainiacjoe_overflow_six_doors_small, minmay_temple_entry_nine_rooms
D:6:      layout_basic, lemuel_crystal_altar, serial_rivers,
          chequers_serial_rivers_micro_c, chequers_serial_rivers_micro_a,
          chequers_serial_rivers_small_b, chequers_serial_rivers_small_a,
          chequers_serial_rivers_small_3, uniq_grinder
D:7:      layout_rooms, zin_treasury, nicolae_grassy_gnolls
D:8:      layout_layer_cave, mainiacjoe_overflow_boulevard,
          nicolae_hepliaklqana_ecumenical_no_more, david_lair_shrubbed,
          solitary_fountain, grunt_ogre_cave, uniq_maggie
D:9:      layout_rooms, mainiacjoe_overflow_alcove_3,
          nicolae_ru_sacrificial_ziggurat
D:10:     layout_gridville, kennysheep_little_box, nicolae_trove_entry_crossroad
D:11:     layout_loops_ring, chequers_jeans, minmay_three_doors
D:12:     layout_basic, orc_0_dummy, ebering_ghost_inner_flame,
          roderic_filled_cross, roderic_batcave
D:13:     layout_loops_ring, hangedman_vaults_entry_quadrant_bands,
          nicolae_concentric_dashed_squares_wild
D:14:     layout_basic, corexii_leaking_fountain, hellmonk_guarded_unrand_zhor,
          uniq_roxanne
D:15:     grunt_enter_depths_giant_problem, layout_gridville, serial_shops,
          shop, serial_park_square1 [serial_park_minivault_5x5_4]
Temple:   nicolae_temple_ecumenical_triangle
Lair:1:   layout_regular_city, chequers_serial_rivers_marsh, grunt_megastairs_2
Lair:2:   layout_long_grid, minmay_swamp_entry_reptiles, spider_nest_entry_a
Lair:3:   layout_loops_ring, gauntlet_entry_generic, serial_bayou_pond_b
Lair:4:   layout_small_grid, beast_lair_carwin_6
Lair:5:   hangedman_lair_tendril_chambers, layout_loops_ring,
          hangedman_lair_caniforms_friends, dpeg_slime_entry_corner
Swamp:1:  layout_basic_swamp, hangedman_swamp_ruin_hall, swamp_pool1,
          uniq_louise, uniq_kirke
Swamp:2:  layout_basic_swamp, evilmike_swamp_ruin_house_1, swamp_pool3
Swamp:3:  layout_basic_swamp, serial_swamp_ruin, evilmike_swamp_ruin_house_2,
          evilmike_swamp_ruin_house_3, swamp_pool5
Spider:1: layout_spider_delve, drop_trap, uniq_agnes
Spider:2: layout_chambers
Spider:3: layout_spider_delve, nicolae_spider_checkerboard
Spider:4: spider_rune_water, gammafunk_ghost_berserking_beasts, drop_trap,
          nicolae_spider_circle_web, spiders_nest_hornet_nest, uniq_bai_suzhen,
          uniq_arachne
Orc:1:    layout_caves, mines1_david, uniq_maurice
Orc:2:    st_orc_rangers, layout_caves
Vaults:1: nicolae_vaults_little_squares_2, ontoclasm_vaults_idyll, v_misc_9,
          serial_ice_h, nicolae_vaults_mini_display_case, st_star, v_misc_30,
          ontoclasm_vaults_gateway, nicolae_vaults_diagonal_hallway_8,
          layout_vaults_big_room, uniq_nikola

Skill      XL: |  1  2  3  4  5  6  7  8  9 10 11 12 13 14 15 16 17 18 19 |
---------------+----------------------------------------------------------+-----
Axes           | 2 3 5 6 7 9 10 11 12 13 14 16 17 18 | 18.0
Fighting       | 4 5 6 7 9 10 11 12 13 14 | 14.0
Dodging        | 1 2 3 4 5 6 7 |  7.8
Armour         | 4 6 8 9 10 11 12 13 | 13.9
Shields        | 4 5 6 7 9 11 15 18 | 18.0
Throwing       | 1 3 5 6 7 |  7.8
Invocations    | 4 7 10 | 10.0

Action                   |  1- 3 |  4- 6 |  7- 9 | 10-12 | 13-15 | 16-18 | 19-21 || total
-------------------------+-------+-------+-------+-------+-------+-------+-------++-------
Melee: War axe           |    99 |   164 |   298 |   480 |   105 |    12 |       ||  1158
       Broad axe         |       |       |       |       |   316 |  1030 |   421 ||  1767
Throw: Boomerang         |       |       |       |    55 |    70 |   163 |    21 ||   309
       Javelin           |       |       |       |     5 |    79 |    38 |    35 ||   157
Invok: Heroism           |       |       |       |    21 |    22 |    46 |    12 ||   101
       Finesse           |       |       |       |       |     5 |     7 |     4 ||    16
  Use: Potion            |     3 |     1 |       |     2 |     2 |     4 |     1 ||    13
       Scroll            |     2 |     7 |     8 |     7 |     5 |     3 |     1 ||    33
 Stab: Distracted        |       |       |       |     1 |     1 |       |       ||     2
       Confused          |       |       |       |       |       |       |     2 ||     2
Armor: Scale mail        |    62 |    83 |    61 |       |       |       |       ||   206
       Plate armour      |       |       |    87 |   318 |   217 |   513 |    95 ||  1230
       Chain mail        |       |       |       |       |       |       |    69 ||    69
Dodge: Dodged            |    53 |    67 |    77 |   145 |   150 |   415 |   149 ||  1056
Block: Buckler           |    17 |    22 |    63 |   146 |   160 |   154 |       ||   562
       Kite shield       |       |       |       |       |       |   411 |       ||   411
       Tower shield      |       |       |       |       |       |    64 |   446 ||   510

Table legend:
 A = Non-vault XP
 B = Vault XP
 C = Vault XP percentage of total XP
 D = Non-vault monster count
 E = Vault monster count
 F = Vault count percentage of total count
                 A         B        C        D         E       F
            +---------+---------+-------+---------+---------+-------
      Total |  206080 |   90407 |  30.5 |     692 |     297 |  30.0
            +---------+---------+-------+---------+---------+-------
        D:1 |      31 |       0 |   0.0 |      20 |       0 |   0.0
        D:2 |      64 |     226 |  77.9 |      20 |       1 |   4.8
        D:3 |      17 |       0 |   0.0 |      10 |       0 |   0.0
        D:4 |     109 |      41 |  27.3 |      23 |       8 |  25.8
        D:5 |     642 |       0 |   0.0 |      11 |       0 |   0.0
        D:6 |     836 |     290 |  25.8 |      18 |       1 |   5.3
        D:7 |     812 |     150 |  15.6 |      13 |       5 |  27.8
        D:8 |    1851 |     913 |  33.0 |      19 |       3 |  13.6
        D:9 |    2998 |       0 |   0.0 |      29 |       0 |   0.0
       D:10 |    2041 |       0 |   0.0 |      15 |       0 |   0.0
       D:11 |    3806 |    1761 |  31.6 |      16 |       3 |  15.8
       D:12 |    3793 |      65 |   1.7 |      16 |       8 |  33.3
       D:13 |    8185 |    4526 |  35.6 |      25 |      17 |  40.5
       D:14 |   13054 |    6122 |  31.9 |      30 |      12 |  28.6
       D:15 |   12982 |    1298 |   9.1 |      21 |       1 |   4.5
     Lair:1 |    5537 |     869 |  13.6 |      25 |       3 |  10.7
     Lair:2 |    2710 |    1190 |  30.5 |      13 |       6 |  31.6
     Lair:3 |   11113 |     934 |   7.8 |      34 |       2 |   5.6
     Lair:4 |    5914 |    2365 |  28.6 |      23 |       9 |  28.1
     Lair:5 |   11649 |   21789 |  65.2 |      33 |      94 |  74.0
    Swamp:1 |   12398 |    3673 |  22.9 |      22 |       7 |  24.1
    Swamp:2 |   11581 |       0 |   0.0 |      19 |       0 |   0.0
    Swamp:3 |   14964 |     413 |   2.7 |      26 |       3 |  10.3
   Spider:1 |    3576 |    1449 |  28.8 |       8 |       1 |  11.1
   Spider:2 |   10297 |       0 |   0.0 |      30 |       0 |   0.0
   Spider:3 |   16530 |       0 |   0.0 |      34 |       0 |   0.0
   Spider:4 |   12273 |   22174 |  64.4 |      28 |      42 |  60.0
      Orc:1 |    5325 |     516 |   8.8 |      36 |       1 |   2.7
      Orc:2 |    3018 |    5402 |  64.2 |      26 |      40 |  60.6
   Vaults:1 |   15196 |    7374 |  32.7 |      18 |       8 |  30.8
    Abyss:2 |    9519 |       0 |   0.0 |      25 |       0 |   0.0
    Abyss:3 |    3259 |       0 |   0.0 |       6 |       0 |   0.0
   Gauntlet |       0 |    6867 | 100.0 |       0 |      22 | 100.0
            +---------+---------+-------+---------+---------+-------
